 Dungeon Crawl Stone Soup version 0.26-a0-489-g112e8ad46e (webtiles) character file.

Game seed: 12377608007624418457

380161 Murumi the Peltast (level 23, -9/190 HPs)
             Began as a Formicid Fighter on Aug 3, 2020.
             Was the Champion of Okawaru.
             Killed from afar by a tengu reaver (45 damage)
             ... with a bolt of lightning
             ... on level 4 of the Vaults.
             The game lasted 03:53:56 (49573 turns).

Murumi the Peltast (Formicid Fighter)              Turns: 49573, Time: 03:53:57

Health: -9/190     AC: 44    Str: 32    XL:     23   Next: 94%
Magic:  28/32      EV: 18    Int:  7    God:    Okawaru [******]
Gold:   3691       SH: 32    Dex: 13    Spells: 22/22 levels left

rFire    + . .     SeeInvis +   a - +9 triple sword (vorpal)
rCold    + . .     Faith    .   S - +0 tower shield
rNeg     . . .     Spirit   .   J - +12 gold dragon scales
rPois    +         Reflect  +   (helmet unavailable)
rElec    .         Harm     +   c - +0 cloak of Stained Amelioration {Harm}
rCorr    .                      F - +0 pair of fencer's gloves {Riposte Dex+3}
MR       +++..                  H - +2 pair of boots {run}
Stlth    ..........             p - amulet of reflection
HPRegen  0.41/turn              L - +4 ring of evasion
MPRegen  0.23/turn              E - ring of protection from magic

@: heroism, finesse, constricted, quick
A: permanent stasis, dig shafts and tunnels, four strong arms, antennae 3
}: 2/15 runes: barnacled, gossamer
a: Dig, Shaft Self, Heroism, Finesse, Renounce Religion


You were on level 4 of the Vaults.
You worshipped Okawaru.
Okawaru was exalted by your worship.
You visited 7 branches of the dungeon, and saw 37 of its levels.
You visited 1 bazaar.
You also visited: Ice Cave.

You collected 5703 gold pieces.
You spent 2012 gold pieces at shops.

Inventory:

Hand Weapons
 a - a +9 vorpal triple sword (weapon)
 f - a +1 triple crossbow of freezing
 n - a +0 great sword of flaming
Missiles
 k - 1426 bolts
Armour
 c - the +0 cloak of Stained Amelioration (worn) {Harm}
   (You found it on level 3 of the Shoals)

   It increases damage dealt and taken.
 F - the +0 pair of fencer's gloves (worn) {Riposte Dex+3}
   (You found it on level 11 of the Dungeon)

   It affects your dexterity (+3).
 H - a +2 pair of boots of running (worn)
 J - +12 gold dragon scales (worn)
 S - a +0 tower shield (worn)
Jewellery
 p - an amulet of reflection (around neck)
 w - an uncursed ring of protection from cold
 y - an uncursed ring of positive energy
 z - an uncursed amulet of regeneration
 E - a ring of protection from magic (right hand)
 L - a +4 ring of evasion (left hand)
 N - the amulet "Ytsovvad" {Spirit rF+ Dex+6}
   (You found it on level 2 of the Spider Nest)

   [amulet of guardian spirit]

   It causes incoming damage to be split between your health and magic.
   It affects your dexterity (+6).
   It protects you from fire.
 R - the amulet of the Median {*Drain rPois Regen+ Dex+9 Slay+2}
   (You found it on level 1 of the Vaults)

   [amulet of regeneration]

   It affects your dexterity (+9).
   It affects your accuracy and damage with ranged weapons and melee attacks
   (+2).
   It protects you from poison.
   It increases your rate of regeneration.
   It causes draining when unequipped.
Wands
 q - a wand of clouds (10)
 s - a wand of disintegration (16)
 u - a wand of paralysis (57)
 x - a wand of polymorph (70)
 G - a wand of iceblast (21)
 I - a wand of flame (73)
 P - a wand of enslavement (16)
 Q - a wand of random effects (52)
 T - a wand of acid (6)
Scrolls
 h - 2 scrolls of summoning
 i - 20 scrolls of remove curse
 l - 9 scrolls of fear
 o - 8 scrolls of amnesia
 r - 10 scrolls of fog
 A - 19 scrolls of identify
 B - 9 scrolls of magic mapping
 K - 2 scrolls of holy word
Potions
 b - 7 potions of lignification
 d - 5 potions of might
 e - 11 potions of flight
 g - 16 potions of heal wounds
 j - 3 potions of magic
 m - 9 potions of ambrosia
 t - 4 potions of mutation
 v - 13 potions of curing
 C - 3 potions of resistance
 D - 3 potions of brilliance
 M - 4 potions of cancellation
 O - a potion of invisibility


   Skills:
 + Level 18.0(23.0) Fighting
 - Level 17.0(22.0) Long Blades
 - Level 17.0(22.0) Crossbows
 - Level 18.0(23.0) Armour
 - Level 14.0(19.0) Dodging
 - Level 20.0(25.0) Shields
 - Level 13.0 Invocations


You had 22 spell levels left.
You didn't know any spells.
Your spell library contained the following spells:

 Spells                   Type           Power        Failure   Level
 Animate Skeleton         Necr           #.....       97%         1
 Apportation              Tloc           #.....       97%         1
 Beastly Appendage        Tmut           #.....       97%         1
 Corona                   Hex            #......      97%         1
 Freeze                   Ice            #...         97%         1
 Pain                     Necr           #...         97%         1
 Sandblast                Erth           #.....       97%         1
 Summon Small Mammal      Summ           #...         97%         1
 Call Imp                 Summ           #.......     99%         2
 Corpse Rot               Necr/Air       N/A          99%         2
 Passwall                 Tmut/Erth      #.......     99%         2
 Slow                     Hex            #.......     99%         2
 Wereblood                Tmut           #.......     99%         2
 Frozen Ramparts          Ice            #.....       100%        3
 Gell's Gravitas          Tloc           #.........   100%        3
 Inner Flame              Hex/Fire       #.......     100%        3
 Lesser Beckoning         Tloc           #.........   100%        3
 Ozocubu's Armour         Ice            #.......     100%        3
 Portal Projectile        Hex/Tloc       #.....       100%        3
 Spider Form              Tmut/Pois      #.........   100%        3
 Stone Arrow              Conj/Erth      #.....       100%        3
 Teleport Other           Tloc           #.......     100%        3
 Tukima's Dance           Hex            #.......     100%        3
 Vampiric Draining        Necr           #.........   100%        3
 Animate Dead             Necr           #.........   100%        4
 Cause Fear               Hex            #.........   100%        4
 Hailstorm                Conj/Ice       #.......     100%        4
 Ice Form                 Ice/Tmut       #.......     100%        4
 Leda's Liquefaction      Hex/Erth       #.........   100%        4
 Passage of Golubria      Tloc           N/A          100%        4
 Petrify                  Tmut/Erth      #.......     100%        4
 Summon Ice Beast         Ice/Summ       #.......     100%        4
 Agony                    Necr           #.......     100%        5
 Alistair's Intoxication  Tmut/Pois      #........    100%        5
 Blade Hands              Tmut           #.........   100%        5
 Bolt of Magma            Conj/Fire/Erth #.........   100%        5
 Irradiate                Conj/Tmut      #.........   100%        5
 Iskenderun's Battlesphe  Conj           #.......     100%        5
 Lee's Rapid Deconstruct  Erth           #.........   100%        5
 Summon Forest            Summ/Tloc      #.........   100%        5
 Dispersal                Tloc           #.........   100%        6
 Eringya's Noxious Bog    Tmut/Pois      #.........   100%        6
 Hydra Form               Tmut           #.........   100%        6
 Invisibility             Hex            #.......     100%        6
 Iron Shot                Conj/Erth      #.........   100%        6
 Statue Form              Tmut/Erth      #........    100%        6
 Dragon Form              Tmut           #.........   100%        7
 Orb of Destruction       Conj           #.........   100%        7
 Spellforged Servitor     Conj/Summ      #.........   100%        7
 Summon Hydra             Summ           #.........   100%        7
 Chain Lightning          Conj/Air       #.........   100%        8
 Disjunction              Tloc           #.........   100%        8
 Lehudib's Crystal Spear  Conj/Erth      #.........   100%        8
 Absolute Zero            Ice            #.........   100%        9
 Fire Storm               Conj/Fire      #.........   100%        9
 Blink                    Tloc           Unusable     N/A         2
 Swiftness                Air            Unusable     N/A         2
 Controlled Blink         Tloc           Unusable     N/A         8

Dungeon Overview and Level Annotations

Branches:
Dungeon (15/15)            Temple (1/1) D:4            Lair (6/6) D:11
 Shoals (4/4) Lair:2       Spider (4/4) Lair:3        Slime (0/5) Lair:5
    Orc (2/2) D:12            Elf (0/3) Orc:2        Vaults (5/5) D:13
  Crypt (0/3) Vaults:3     Depths (0/5) D:15          IceCv (visited)

Altars:
Ashenzari
Cheibriados
Dithmenos
Elyvilon
Fedhas
Gozag
Hepliaklqana
Kikubaaqudgha
Makhleb
Nemelex Xobeh
Okawaru
Qazlal
Ru
Sif Muna
Trog
Uskayaw
Vehumet
Wu Jian
Xom
Yredelemnul
Zin
The Shining One
Beogh
Jiyva

Shops:
D:10 (   D:14 (***   Orc:2 *[:(   Shoals:1 ?   Shoals:3 *

Annotations:
Lair:5 1 runed translucent door


Innate Abilities, Weirdness & Mutations

You cannot be hasted, slowed, berserked, paralysed or teleported.
You can dig through walls and to a lower floor.
Your four strong arms can wield two-handed weapons with a shield.
You have a pair of large antennae on your head. (SInv)


Message History

You block the tentacled monstrosity's attack. x2
The tentacled monstrosity tentacle-slaps you.
* * * LOW HITPOINT WARNING * * *
The tentacled monstrosity grabs you.
* * * LOW HITPOINT WARNING * * *
The tentacled monstrosity constricts you.
You slice the two-headed ogre!!
You kill the two-headed ogre!
Okawaru accepts your kill. You block the yaktaur captain's attack.
You block the frost giant's attack.
You open the fire giant like a pillowcase!!!
You kill the fire giant!
Okawaru accepts your kill.
Base training target 20.0 for Shields reached!
Your base Shields skill increases to level 20!
You need to enable at least one skill for training.
You block the yaktaur captain's attack.
The tengu reaver gestures at you while chanting.
The bolt of lightning hits you!!!
You die...

...[.....................)......#
...........)..............).[)..#
####....######################).#
#....# ######## #..# # #....#
#......# #########..# # #....#
#......# #.......#..# # #{...#
#......# #....^..#..# # #....#
#..[Cc.# #.......#).# # #....#
#..)@X.# #.....).)..# # #....#
#..[cQ.# #.......#..# # #....#
#......# #.....).#..# # #....#
#......# #.......#..# #....#
#......# #.......#..# #....#
#......# #.....!.#..# #....#
#......# #########..# #....#
#......# #..#
####....#####'################..#


You could see a tentacled monstrosity, a frost giant (strong, empowered), a
tengu reaver (empowered) and 2 yaktaur captains.

Vanquished Creatures
  Mennas (Vaults:4)
  Boris (Vaults:2)
  Bai Suzhen (Vaults:4)
  Margery (Vaults:4)
  The ghost of Tetivy the Metallomancer, an adept GrEE of Vehumet (Vaults:1)
  Nikola (Lair:3)
  4 tentacled monstrosities
  Jorgrun (D:13)
  A titan (Vaults:1)
  2 sphinxes (Vaults:4)
  2 storm dragons
  The ghost of Infinimo the Fencer, an adept DsFi of Gozag (Shoals:3)
  Ilsuiw (Shoals:4)
  3 tengu reavers
  Donald (Shoals:1)
  2 fire giants
  A nagaraja (Vaults:1)
  4 deep elf sorcerers
  2 frost giants (Vaults:3)
  11 vault wardens
  2 orc warlords
  8 emperor scorpions
  5 ghost moths
  2 deep elf elementalists (Vaults:5)
  15 ironheart preservers
  6 entropy weavers
  6 war gargoyles
  11 stone giants
  7 very ugly things
  A vampire knight (Vaults:3)
  3 deep elf demonologists
  A deep elf annihilator (Vaults:3)
  A black draconian (Vaults:1)
  2 deep elf death magi
  5 ettins
  Snorg (D:13)
  16 yaktaur captains
  A fire dragon (Vaults:1)
  2 blizzard demons (IceCv)
  3 merfolk impalers
  6 merfolk javelineers
  A great orb of eyes (Vaults:1)
  3 ice dragons
  A rakshasa (Vaults:2)
  33 vault guards
  Harold (D:10)
  8 hydras
  4 merfolk avatars
  10 centaur warriors
  A catoblepas (Lair:3)
  An alligator snapping turtle (Shoals:4)
  31 two-headed ogres
  A two-headed ogre (shapeshifter) (Vaults:4)
  6 merfolk aquamancers
  3 death yaks (Lair:4)
  7 ogre magi
  A satyr (Shoals:4)
  A tengu warrior (D:15)
  Urug (Orc:2)
  A queen ant (Spider:2)
  3 orc high priests
  3 deep troll earth magi
  3 deep troll shamans
  The ghost of ANON1729 the Cudgeler, a novice TrBe of Trog (D:7)
  7 sea snakes
  6 hell knights (Vaults:4)
  5 skeletal warriors (D:14)
  3 deep elf knights
  16 deep trolls
  5 unseen horrors
  A glowing orange brain (Vaults:1)
  7 deep elf archers
  A swamp dragon (Vaults:1)
  14 ironbrand convokers
  A tengu zombie (Vaults:3)
  12 orc knights
  3 phantasmal warriors
  20 fauns
  5 wizards
  13 orb spiders
  11 harpies
  6 orc sorcerers
  A manticore (shapeshifter) (Vaults:4)
  9 cyclopes
  3 necromancers
  28 wolf spiders
  17 deep elf magi
  41 ugly things
  16 manticores
  16 merfolk sirens
  3 moths of wrath
  15 vault sentinels
  4 black mambas
  5 water nymphs
  3 ice statues
  Psyche (D:12)
  A black mamba (shapeshifter) (Vaults:1)
  9 cane toads
  Maurice (D:10)
  2 gargoyles
  6 centaur skeletons
  3 rime drakes
  A yaktaur (shapeshifter) (Vaults:1)
  34 yaktaurs
  6 freezing wraiths
  11 komodo dragons
  11 demonic crawlers
  2 golden dragon simulacra (IceCv)
  3 anaconda simulacra (IceCv)
  A yaktaur skeleton (Vaults:3)
  8 ice devils (IceCv)
  3 tengu conjurers
  22 jumping spiders
  4 polar bears
  4 wind drakes
  22 hornets
  12 trolls
  29 merfolk
  10 blink frogs
  2 ettin zombies (Vaults:3)
  17 slime creatures
  10 snapping turtles
  11 hippogriffs
  A dream sheep (shapeshifter) (D:11)
  7 dream sheep (Lair:6)
  2 human simulacra
  12 spriggans (Lair:6)
  19 tarantellas
  43 redbacks
  2 shadows
  5 wraiths
  A spriggan (shapeshifter) (D:13)
  4 wyverns
  A hog (shapeshifter) (Vaults:2)
  13 water elementals
  A vampire (D:14)
  A human (D:13)
  38 yaks
  A human (shapeshifter) (Vaults:1)
  3 basilisks
  6 wargs
  An acid dragon (Vaults:1)
  10 vampire mosquitoes
  A naga (shapeshifter) (Vaults:4)
  27 soldier ants (Spider:2)
  An iron troll simulacrum (IceCv)
  11 water moccasins
  6 porcupines
  A hydra simulacrum (IceCv)
  42 orc warriors
  6 sky beasts
  4 necrophages
  12 ice beasts
  A sky beast (shapeshifter) (Vaults:3)
  An eye of draining (shapeshifter) (Vaults:5)
  8 black bears
  3 ettin simulacra (IceCv)
  5 eyes of draining
  30 wolves
  33 ogres
  A boggart (shapeshifter) (Vaults:1)
  18 boggarts
  6 phantoms
  36 centaurs
  11 crocodiles
  An elf simulacrum (Vaults:1)
  3 big kobolds (D:12)
  16 bullfrogs
  4 earth elementals (Spider:4)
  3 wyvern zombies
  5 gnoll sergeants
  7 scorpions
  7 killer bees
  3 electric eels
  20 wights
  8 howler monkeys
  2 bullfrog zombies
  4 centaur zombies
  3 human zombies (D:9)
  5 jellies
  3 quasits
  17 orc priests
  3 bullfrog skeletons
  A gnoll shaman (D:6)
  13 hounds
  20 orc wizards
  Crazy Yiuf (D:7)
  5 iguanas
  27 worker ants
  2 killer bee zombies (D:7)
  An ogre zombie (D:9)
  4 hound skeletons
  2 hound zombies
  A mummy (D:9)
  A worker ant zombie (D:10)
  22 gnolls
  2 howler monkey skeletons
  13 adders
  A hound simulacrum (D:11)
  2 shadow imps
  A white imp (Vaults:3)
  3 ufetubi
  An adder zombie (D:10)
  An adder skeleton (D:6)
  3 worms
  2 dart slugs
  4 leopard geckos
  90 orcs
  7 bats
  3 giant cockroaches
  14 goblins
  12 hobgoblins
  14 jackals
  2 kobolds (D:1)
  4 quokkas
  2 frilled lizards
  A leopard gecko skeleton (D:5)
  An orc skeleton (D:9)
  2 orc zombies (D:9)
  2 quokka zombies
  4 rats
  A plant (Shoals:3)
1655 creatures vanquished.

Vanquished Creatures (others)
  A manticore (Shoals:1)
  A tarantella (Spider:1)
  10 fungi
  4 plants
16 creatures vanquished.

Grand Total: 1671 creatures vanquished

Notes
Turn   | Place    | Note
-------+----------+-------------------------------------------
     0 | D:1      | Murumi the Formicid Fighter began the quest for the Orb.
     0 | D:1      | Reached XP level 1. HP: 18/18 MP: 1/1
    40 | D:1      | Reached skill level 1 in Dodging
   138 | D:1      | Reached XP level 2. HP: 24/24 MP: 2/2
   676 | D:2      | Reached XP level 3. HP: 29/29 MP: 3/3
   682 | D:2      | Reached skill level 4 in Shields
   783 | D:2      | Found a shattered altar of Ashenzari.
   949 | D:2      | You fall into a shaft and drop 2 floors!
   990 | D:4      | Reached XP level 4. HP: 30/37 MP: 4/4
   994 | D:4      | Found a staircase to the Ecumenical Temple.
  1002 | Temple   | Entered the Ecumenical Temple
  1281 | Temple   | Became a worshipper of Warmaster Okawaru
  1752 | D:3      | Reached skill level 1 in Invocations
  1765 | D:3      | Reached XP level 5. HP: 36/42 MP: 5/5
  2672 | D:3      | Reached XP level 6. HP: 46/48 MP: 7/7
  2673 | D:3      | Found a shadowy altar of Dithmenos.
  2990 | D:3      | Noticed an ogre
  3000 | D:3      | Killed an ogre
  3000 | D:3      | Reached skill level 5 in Shields
  3114 | D:3      | Reached XP level 7. HP: 45/55 MP: 9/9
  3536 | D:4      | Reached * piety under Okawaru
  3536 | D:4      | Reached skill level 5 in Fighting
  3832 | D:4      | Reached skill level 5 in Armour
  4090 | D:4      | Reached skill level 6 in Shields
  4199 | D:4      | Reached XP level 8. HP: 59/62 MP: 10/10
  4444 | D:5      | Entered Level 5 of the Dungeon
  4561 | D:5      | Reached skill level 7 in Shields
  4797 | D:5      | Found a shimmering blue altar of Sif Muna.
  4981 | D:5      | Reached ** piety under Okawaru
  4981 | D:5      | Reached skill level 5 in Long Blades
  5565 | D:6      | Reached XP level 9. HP: 65/69 MP: 0/12
  5582 | D:6      | Reached skill level 8 in Shields
  5726 | D:6      | Found a bloodstained altar of Trog.
  5996 | D:6      | Noticed a hornet
  6023 | D:6      | Killed a hornet
  6023 | D:6      | Reached *** piety under Okawaru
  6747 | D:7      | Reached skill level 9 in Shields
  6750 | D:7      | Found a transporter.
  6750 | D:7      | Noticed ANON1729's ghost (novice TrBe)
  6978 | D:7      | Reached XP level 10. HP: 54/79 MP: 13/13
  7745 | D:7      | Reached skill level 5 in Invocations
  7853 | D:7      | Found a runed translucent door.
  7854 | D:7      | Noticed Crazy Yiuf
  7993 | D:7      | Reached **** piety under Okawaru
  8488 | D:7      | Received a gift from Okawaru
  8706 | D:7      | Found a transporter.
  8878 | D:7      | Killed Crazy Yiuf
  8983 | D:7      | Killed ANON1729's ghost
  9357 | D:8      | Reached XP level 11. HP: 86/86 MP: 14/14
  9451 | D:8      | Found a bloodstained altar of Trog.
  9783 | D:8      | Found a hide-covered altar of Uskayaw.
  9962 | D:9      | Reached ***** piety under Okawaru
 10017 | D:9      | Noticed a two-headed ogre
 10031 | D:9      | Killed a two-headed ogre
 10031 | D:9      | Received a gift from Okawaru
 10408 | D:9      | Found a basalt altar of Yredelemnul.
 10656 | D:9      | Received a gift from Okawaru
 10914 | D:10     | Entered Level 10 of the Dungeon
 10914 | D:10     | Noticed Maurice
 10954 | D:10     | Killed Maurice
 10954 | D:10     | Reached skill level 10 in Shields
 11110 | D:10     | Noticed Harold
 11134 | D:10     | Killed Harold
 11209 | D:10     | Noticed a two-headed ogre
 11220 | D:10     | Killed a two-headed ogre
 11925 | D:10     | Reached XP level 12. HP: 73/95 MP: 14/16
 12033 | D:10     | Found Zigaetad's Antique Weapon Boutique.
 12033 | D:10     | Noticed a two-headed ogre
 12109 | D:10     | Killed a two-headed ogre
 12109 | D:10     | Received a gift from Okawaru
 12381 | D:10     | Bought a triple sword for 270 gold pieces
 12471 | D:10     | Noticed a two-headed ogre
 12482 | D:10     | Killed a two-headed ogre
 12968 | D:11     | Noticed a seven-headed hydra
 12975 | D:11     | Killed a seven-headed hydra
 12975 | D:11     | Received a gift from Okawaru
 13329 | D:11     | Reached skill level 10 in Fighting
 13383 | D:11     | Received a gift from Okawaru
 13493 | D:11     | Reached skill level 10 in Armour
 13680 | D:11     | Noticed an unseen horror
 13681 | D:11     | Noticed an unseen horror
 13682 | D:11     | Received a gift from Okawaru
 13686 | D:11     | Noticed an unseen horror
 13691 | D:11     | Killed an unseen horror
 13704 | D:11     | Killed an unseen horror
 13704 | D:11     | Reached skill level 11 in Shields
 13713 | D:11     | Found the +0 pair of fencer's gloves {Riposte Dex+3}
 13721 | D:11     | Killed an unseen horror
 13808 | D:11     | Reached XP level 13. HP: 81/103 MP: 17/17
 13929 | D:11     | Noticed a stone giant
 13943 | D:11     | Killed a stone giant
 14007 | D:11     | Identified the +3 ring mail of the Little Devil {*Contam
                  | rF+ Str+4 Int+2}
 14192 | D:11     | Noticed an ice dragon
 14201 | D:11     | Killed an ice dragon
 14311 | D:11     | Reached skill level 12 in Shields
 14496 | D:11     | Found a glowing silver altar of Zin.
 14822 | D:11     | Found a staircase to the Lair.
 15097 | Lair:1   | Entered Level 1 of the Lair of Beasts
 15196 | D:12     | Noticed Psyche
 15375 | Lair:1   | Reached skill level 10 in Long Blades
 16648 | Lair:2   | Noticed an eight-headed hydra
 16658 | Lair:2   | Killed an eight-headed hydra
 16938 | Lair:2   | Received a gift from Okawaru
 16944 | Lair:2   | Identified a +1 pair of boots of running (Okawaru gifted it
                  | to you on level 2 of the Lair of Beasts)
 17130 | Lair:2   | Noticed a six-headed hydra
 17147 | Lair:2   | Killed a six-headed hydra
 17187 | Lair:2   | Found a staircase to the Shoals.
 18010 | Lair:3   | Reached XP level 14. HP: 113/113 MP: 19/19
 18116 | Lair:3   | Found a hole to the Spider Nest.
 18802 | Lair:4   | Reached skill level 15 in Long Blades
 19102 | Lair:4   | Identified a scroll of acquirement
 19102 | Lair:4   | Acquired a +0 triple crossbow of freezing
 20017 | Lair:5   | Found a runed translucent door.
 20017 | Lair:5   | Found a viscous altar of Jiyva.
 20018 | Lair:5   | Found a staircase to the Slime Pits.
 20263 | Lair:5   | Reached skill level 10 in Crossbows
 20570 | Lair:6   | Entered Level 6 of the Lair of Beasts
 20572 | Lair:6   | Received a gift from Okawaru
 20725 | Lair:6   | Received a gift from Okawaru
 21095 | Lair:6   | Identified the Incunabulum of Twisted Creation
 21378 | Lair:6   | Reached skill level 5 in Dodging
 21819 | Lair:6   | Reached XP level 15. HP: 118/118 MP: 21/21
 21830 | Lair:6   | Received a gift from Okawaru
 22206 | D:12     | Killed Psyche
 22343 | D:12     | Reached skill level 13 in Shields
 22972 | D:12     | You fall into a shaft and drop 1 floor!
 23024 | D:13     | Received a gift from Okawaru
 23163 | D:13     | Found a gate to the Vaults.
 23362 | D:13     | Noticed Snorg
 23366 | D:13     | Killed Snorg
 23584 | D:12     | Found a staircase to the Orcish Mines.
 23834 | Orc:1    | Entered Level 1 of the Orcish Mines
 23834 | Orc:1    | Found a roughly hewn altar of Beogh.
 24600 | Orc:2    | Entered Level 2 of the Orcish Mines
 24600 | Orc:2    | Found Jagirph's Antique Weapon Boutique.
 24600 | Orc:2    | Noticed an orc warlord
 24841 | Orc:2    | Killed an orc warlord
 25037 | Orc:2    | Found a staircase to the Elven Halls.
 25099 | Orc:2    | Found Xoblesau's Book Shoppe.
 25242 | Orc:2    | Noticed Urug
 25247 | Orc:2    | Killed Urug
 25328 | Orc:2    | Found Weti's Antique Armour Shop.
 25337 | Orc:2    | Bought an ichor-stained cloak for 247 gold pieces
 25347 | Orc:2    | Identified the cursed +0 cloak of the Undertaker {Int+3}
                  | (You bought it in a shop on level 2 of the Orcish Mines)
 25489 | Orc:2    | Found Qejuoll's General Store.
 25497 | Orc:2    | Bought a potion of heal wounds for 65 gold pieces
 25937 | D:13     | Noticed Jorgrun
 26056 | D:13     | Killed Jorgrun
 26056 | D:13     | Reached XP level 16. HP: 81/127 MP: 17/22
 26284 | D:13     | Received a gift from Okawaru
 26290 | D:13     | Reached skill level 14 in Shields
 26529 | D:13     | Received a gift from Okawaru
 27044 | D:14     | Found Burupifru's Antique Weapon Boutique.
 27449 | D:14     | Found Byitu's General Store.
 27909 | D:14     | Found Ecesaame's Assorted Antiques.
 27917 | D:14     | Bought a scroll labeled ENA IJUAXKAG for 27 gold pieces
 27917 | D:14     | Bought a scroll of enchant weapon for 202 gold pieces
 27924 | D:14     | Found Teegh's Assorted Antiques.
 27934 | D:14     | Bought a dark potion for 27 gold pieces
 27934 | D:14     | Bought a garnet ring for 150 gold pieces
 28054 | D:15     | Entered Level 15 of the Dungeon
 28104 | D:15     | Received a gift from Okawaru
 28132 | D:15     | Reached skill level 15 in Shields
 28249 | D:15     | Reached ****** piety under Okawaru
 28340 | D:15     | Found a staircase to the Depths.
 28595 | D:15     | Received a gift from Okawaru
 28757 | D:15     | Reached XP level 17. HP: 131/136 MP: 23/23
 29363 | Spider:1 | Entered Level 1 of the Spider Nest
 29363 | Spider:1 | Noticed Nikola
 29377 | Lair:3   | Killed Nikola
 29377 | Lair:3   | Received a gift from Okawaru
 29378 | Lair:3   | Reached skill level 10 in Invocations
 29989 | Lair:3   | Received a gift from Okawaru
 30278 | Spider:1 | Received a gift from Okawaru
 30660 | Spider:2 | Found a frozen archway.
 30669 | IceCv    | Entered an ice cave
 30785 | IceCv    | Received a gift from Okawaru
 32274 | Spider:2 | Reached skill level 16 in Shields
 32600 | Spider:2 | Got a glittering silver amulet
 32601 | Spider:2 | Identified the amulet "Ytsovvad" {Spirit rF+ Dex+6} (You
                  | found it on level 2 of the Spider Nest)
 33135 | Spider:3 | Received a gift from Okawaru
 33148 | Spider:3 | Acquired a manual of Dodging
 33806 | Spider:3 | Reached XP level 18. HP: 146/146 MP: 25/25
 34619 | Spider:4 | Entered Level 4 of the Spider Nest
 34766 | Spider:4 | Received a gift from Okawaru
 34774 | Spider:4 | Reached skill level 10 in Dodging
 36100 | Spider:4 | Got a gossamer rune of Zot
 36142 | Spider:4 | Received a gift from Okawaru
 36455 | Spider:4 | Reached skill level 15 in Fighting
 36747 | Shoals:1 | Entered Level 1 of the Shoals
 36753 | Shoals:1 | Received a gift from Okawaru
 37133 | Shoals:1 | Noticed Donald
 37148 | Shoals:1 | Killed Donald
 37148 | Shoals:1 | Received a gift from Okawaru
 37467 | Shoals:1 | Reached skill level 15 in Armour
 37593 | Shoals:1 | Found Cusoebor's Magic Scroll Emporium.
 37596 | Shoals:1 | Reached XP level 19. HP: 155/155 MP: 26/26
 37619 | Shoals:1 | Bought a scroll of enchant weapon for 105 gold pieces
 38393 | Shoals:2 | Received a gift from Okawaru
 38393 | Shoals:2 | Reached skill level 17 in Shields
 38723 | Shoals:3 | Found Juah Vuy's Mass Market.
 38922 | Shoals:3 | Bought a +0 tower shield for 72 gold pieces
 39035 | Shoals:3 | Found a runed translucent gate.
 39035 | Shoals:3 | Found a runed translucent gate.
 39035 | Shoals:3 | Found a runed translucent gate.
 39416 | Shoals:3 | Noticed Infinimo's ghost (adept DsFi)
 39487 | Shoals:3 | Killed Infinimo's ghost
 39487 | Shoals:3 | Received a gift from Okawaru
 39663 | Shoals:3 | Identified the cursed +0 cloak of Stained Amelioration
                  | {Harm} (You found it on level 3 of the Shoals)
 39702 | Shoals:4 | Entered Level 4 of the Shoals
 40237 | Shoals:4 | Noticed Ilsuiw
 40306 | Shoals:4 | Killed Ilsuiw
 40372 | Shoals:4 | Received a gift from Okawaru
 40734 | Shoals:4 | Got a barnacled rune of Zot
 40986 | Shoals:4 | Received a gift from Okawaru
 41022 | Shoals:4 | Identified the cursed +1 gold dragon scales of Zafestra
                  | {rPois rF+ rC+ Str+2 Dex+3} (You found it on level 4 of the
                  | Shoals)
 41259 | Vaults:1 | Entered Level 1 of the Vaults
 41284 | Vaults:1 | Reached skill level 18 in Shields
 41354 | Vaults:1 | Reached XP level 20. HP: 162/162 MP: 28/28
 41371 | Vaults:1 | Received a gift from Okawaru
 41721 | Vaults:1 | Found a runed translucent door.
 41721 | Vaults:1 | Noticed Tetivy's ghost (adept GrEE)
 41738 | Vaults:1 | Killed Tetivy's ghost
 41738 | Vaults:1 | Received a gift from Okawaru
 41978 | Vaults:1 | Noticed a tentacled monstrosity
 41983 | Vaults:1 | Killed a tentacled monstrosity
 41997 | Vaults:1 | Noticed a Hell Sentinel
 42064 | Vaults:1 | Received a gift from Okawaru
 42486 | Vaults:1 | Got a transparent copper amulet
 42487 | Vaults:1 | Identified the amulet of the Median {*Drain rPois Regen+
                  | Dex+9 Slay+2} (You found it on level 1 of the Vaults)
 42498 | Vaults:1 | Got a pitted pewter ring
 42499 | Vaults:1 | Identified the ring of Banul {Ice rElec MR+} (You found it
                  | on level 1 of the Vaults)
 42821 | Vaults:1 | Received a gift from Okawaru
 43113 | Vaults:2 | Reached XP level 21. HP: 28/174 MP: 29/29
 43154 | Vaults:2 | Found a flickering gateway to a bazaar.
 43163 | Bazaar   | Entered a bazaar
 43506 | Bazaar   | Found Baek Xer's Armour Shoppe.
 43506 | Bazaar   | Found Zyqotat's Antique Weapon Emporium.
 43527 | Bazaar   | Found Kaih's Distillery.
 43531 | Bazaar   | Bought a potion of curing for 24 gold pieces
 43531 | Bazaar   | Bought a potion of heal wounds for 40 gold pieces
 43531 | Bazaar   | Bought a potion of might for 32 gold pieces
 43531 | Bazaar   | Bought a potion of curing for 24 gold pieces
 43531 | Bazaar   | Bought a potion of heal wounds for 40 gold pieces
 43531 | Bazaar   | Bought 2 potions of heal wounds for 80 gold pieces
 43531 | Bazaar   | Bought a potion of cancellation for 64 gold pieces
 43542 | Bazaar   | Found Peschuigh's Magic Scroll Shoppe.
 43542 | Bazaar   | Found Jivvaqon's Assorted Antiques.
 43546 | Bazaar   | Bought a scroll of enchant weapon for 157 gold pieces
 43546 | Bazaar   | Bought a potion of mutation for 168 gold pieces
 43546 | Bazaar   | Bought a scroll labeled WOAN ROREHURAE for 21 gold pieces
 43553 | Bazaar   | Bought a scroll of magic mapping for 31 gold pieces
 43553 | Bazaar   | Bought 2 scrolls of enchant weapon for 135 gold pieces
 43553 | Bazaar   | Bought a scroll of magic mapping for 31 gold pieces
 44047 | Vaults:2 | Reached skill level 15 in Crossbows
 44918 | Vaults:2 | Noticed Boris
 44932 | Vaults:2 | Killed Boris
 44935 | Vaults:2 | Received a gift from Okawaru
 45244 | Vaults:3 | Found a staircase to the Crypt.
 45489 | Vaults:3 | Received a gift from Okawaru
 45569 | Vaults:3 | Received a gift from Okawaru
 45569 | Vaults:3 | Reached skill level 19 in Shields
 45631 | Vaults:3 | Received a gift from Okawaru
 45867 | Vaults:3 | Reached XP level 22. HP: 181/181 MP: 31/31
 47246 | Vaults:4 | Received a gift from Okawaru
 47467 | Vaults:4 | Received a gift from Okawaru
 47721 | Vaults:4 | Noticed Mennas
 47737 | Vaults:4 | Killed Mennas
 47781 | Vaults:4 | Noticed Bai Suzhen
 47787 | Vaults:4 | Killed Bai Suzhen
 47787 | Vaults:4 | Received a gift from Okawaru
 48364 | Vaults:4 | Noticed Margery
 48374 | Vaults:4 | Reached XP level 23. HP: 186/190 MP: 25/32
 48409 | Vaults:4 | Killed Margery
 48552 | Vaults:5 | Entered Level 5 of the Vaults
 48577 | Vaults:4 | Received a gift from Okawaru
 49231 | Vaults:5 | Received a gift from Okawaru
 49573 | Vaults:4 | Reached skill level 20 in Shields
 49573 | Vaults:4 | Killed from afar by a tengu reaver

Illustrated notes

Levels and vault maps discovered:
D:1:      dpeg_arrival_tiny_a, layout_loops_cross, grunt_decor_arrowhead,
          chequers_serial_rivers_room_a
D:2:      layout_loops_cross, nicolae_ashenzari_panopticon
D:3:      cheibrodos_greedy_goblins, layout_basic, chequers_avenue,
          grunt_dithmenos_smoke
D:4:      minmay_wonky_spiral, layout_loops_ring, minmay_temple_entry_crystal_x,
          chequers_serial_rivers_micro_d
D:5:      layout_loops_corners, led_sif_pool
D:6:      layout_loops_ring, trog_eyes_of_draining
D:7:      cheibrodos_barr_body, layout_layer_cave, gammafunk_ghost_arena,
          uniq_crazy_yiuf_cottage
D:8:      layout_rooms, nicolae_overflow_hidden_temple
D:9:      layout_roguey, lemuel_mausoleum_altar_yredelemnul
D:10:     layout_cave_pods, kennysheep_windowed_goal, uniq_maurice, uniq_harold
D:11:     minmay_the_grid_square_5x5_4x4_mashed
          [minmay_the_grid_square_5x5_pentomino_r,
          minmay_the_grid_square_5x5_comb, minmay_the_grid_square_5x5_meh,
          minmay_the_grid_square_5x5_minimal,
          minmay_the_grid_square_5x5_bracketed,
          minmay_the_grid_square_5x5_prize_gold,
          minmay_the_grid_square_5x5_prize_monsterx,
          minmay_the_grid_square_5x5_n, minmay_the_grid_square_5x5_checkered,
          minmay_the_grid_square_5x5_prize_open,
          minmay_the_grid_square_5x5_prize_junk,
          minmay_the_grid_square_5x5_six_small,
          minmay_the_grid_square_5x5_half_checkered,
          minmay_the_grid_square_5x5_tri_point,
          minmay_the_grid_square_5x5_tetrominoes,
          minmay_the_grid_square_5x5_three], layout_basic,
          erik_lair_orcish_takeover, basic_altar, kennysheep_generic_room_2
D:12:     layout_cave_pools, kennysheep_orc_monster_closet_entryway, uniq_psyche
D:13:     layout_roguey, grunt_vaults_entry_fortified, minmay_pinched_square,
          uniq_jorgrun, uniq_snorg
D:14:     layout_cave_pools, serial_shops, shop_coins, shop, shop,
          kennysheep_little_box, serial_bayou_pond_a
D:15:     grunt_enter_depths_snipers, layout_basic, chequers_big_river,
          minmay_statues_item, minmay_liquid_box
Temple:   dpeg_five_rooms_temple
Lair:1:   layout_chaotic_city
Lair:2:   layout_roguey, minmay_shoals_entry_centaurs, serial_bayou_shore_a
Lair:3:   layout_regular_city, nicolae_spider_entry_orb_guardian,
          serial_bayou_ford_a
Lair:4:   layout_long_grid
Lair:5:   layout_gridlike, slime_altar_2, grunt_megastairs_4
Lair:6:   minmay_lair_end_enchanted_forest, layout_cave_pods
Shoals:1: layout_shoals, serial_shops, shop, uniq_donald
Shoals:2: layout_shoals
Shoals:3: layout_shoals, gammafunk_ghost_tricky_traps, minmay_shop_mass,
          overgrown_statue
Shoals:4: shoals_end_simple, layout_shoals, shoals_ilsuiw_alternative
Spider:1: layout_spider_delve, uniq_nikola
Spider:2: layout_spider_delve, portal_ice_cave_entry_pillars_2, minivault_29
Spider:3: layout_chambers, nicolae_spider_circle_web
Spider:4: guppyfry_spider_rune, hangedman_stitches_earthworm
Orc:1:    layout_caves, basic_altar
Orc:2:    grunt_orc_gardens, layout_caves, grunt_orc_garden, grunt_orc_garden,
          grunt_orc_garden, grunt_orc_garden, uniq_urug
Vaults:1: gammafunk_vaults_ghost_grave, v_misc_17, st_greater_box_4,
          nicolae_vaults_inception_statues, v_misc_8, v_misc_22, v_misc_11,
          nicolae_vaults_sealed_display, dpeg_vaults_monster_row,
          nicolae_vaults_little_squares_1, layout_vaults_omnicross
Vaults:2: vaults_standard_mumra_enter_the_diamond, hangedman_vaults_corner,
          v_misc_24, nicolae_vaults_network_quinsquares
          [nicolae_vaults_network_quincunx_subvault,
          nicolae_vaults_network_quincunx_subvault,
          nicolae_vaults_network_quincunx_subvault,
          nicolae_vaults_network_quincunx_subvault], vaults_room_door_ring,
          nicolae_vaults_little_squares_6, layout_vaults_chaotic_city,
          serial_shops, bzr_firewalk, uniq_boris
Vaults:3: v_misc_2, ontoclasm_vaults_chip, v_pattern_3, hangedman_vaults_hat,
          nicolae_vaults_network_barrier, st_more_cells, hangedman_vaults_nails,
          minmay_crypt_entry_simple_sparse, serial_ice_h,
          vaults_room_stairs_pillars, layout_vaults_maze_snakey
Vaults:4: v_alt_pattern_4, ontoclasm_vaults_decontamination,
          nicolae_vaults_rhombus_6, hangedman_vaults_capsules, v_misc_23,
          vaults_room_hangedman_quadrants, vaults_room_corners,
          nicolae_vaults_ring_of_whatevers, vaults_room_pools,
          grunt_vaults_hallway_short, layout_vaults_quadrants, uniq_bai_suzhen,
          uniq_margery, uniq_mennas
Vaults:5

Skill      XL: |  1  2  3  4  5  6  7  8  9 10 11 12 13 14 15 16 17 18 19 20 21 22 23 |
---------------+----------------------------------------------------------------------+-----
Dodging        | 1 2 3 4 5 6 8 11 12 13 14 | 14.0
Long Blades    | 3 4 5 6 7 8 9 14 16 17 | 17.0
Shields        | 4 5 6 7 9 10 11 12 13 15 16 18 19 20 | 20.0
Fighting       | 4 5 6 7 8 9 10 11 12 13 14 15 17 18 | 18.0
Armour         | 4 5 6 7 8 9 10 11 12 13 14 15 16 17 18 | 18.0
Invocations    | 1 2 3 4 5 6 7 8 9 10 11 12 13 | 13.0
Crossbows      | 6 8 9 10 11 12 13 14 15 16 17 | 17.0

Action                   |  1- 3 |  4- 6 |  7- 9 | 10-12 | 13-15 | 16-18 | 19-21 | 22-24 || total
-------------------------+-------+-------+-------+-------+-------+-------+-------+-------++-------
Melee: Long sword        |    75 |   164 |   404 |   137 |       |       |       |       ||   780
       Scimitar          |       |       |       |   545 |       |       |       |       ||   545
       Triple sword      |       |       |       |   144 |   806 |  1060 |   751 |   401 ||  3162
 Fire: Hand crossbow     |       |       |       |   120 |       |       |       |       ||   120
       Arbalest          |       |       |       |    67 |   167 |       |       |       ||   234
       Triple crossbow   |       |       |       |       |   245 |   338 |   319 |   125 ||  1027
Invok: Heroism           |       |       |     2 |     9 |     4 |     4 |     8 |     7 ||    34
       Finesse           |       |       |       |     4 |     5 |     5 |     8 |     6 ||    28
 Abil: Dig               |       |     2 |     2 |    10 |     3 |    17 |     1 |       ||    35
  Use: Scroll            |     9 |     7 |     6 |     3 |    11 |    21 |    13 |     1 ||    71
       Potion            |       |       |     1 |       |       |       |     1 |       ||     2
 Stab: Held in net/web   |       |       |       |       |       |       |     1 |       ||     1
Armor: Scale mail        |    29 |     9 |       |       |       |       |       |       ||    38
       Chain mail        |       |    52 |   106 |    15 |       |       |       |       ||   173
       Plate armour      |       |       |       |   252 |    12 |       |       |       ||   264
       Pearl dragon scal |       |       |       |       |   256 |       |       |       ||   256
       Gold dragon scale |       |       |       |       |   103 |   740 |   167 |   185 ||  1195
Dodge: Dodged            |    14 |    41 |    78 |   208 |   295 |   514 |   200 |   169 ||  1519
Block: Kite shield       |    33 |    75 |   201 |   507 |   653 |  1391 |    90 |       ||  2950
       Reflection        |       |       |       |       |       |    41 |   157 |    61 ||   259
       Tower shield      |       |       |       |       |       |       |   861 |   658 ||  1519
       Rpst.: Long sword |     5 |    13 |    22 |    15 |       |       |       |       ||    55
       Scimitar          |       |       |       |    27 |       |       |       |       ||    27
       Triple sword      |       |       |       |    18 |   148 |   192 |    68 |    63 ||   489
       Triple crossbow   |       |       |       |       |     4 |     4 |     1 |       ||     9

Table legend: (Time is in decaauts)
 A = Elapsed time spent in this place.
 B = Non-inter-level travel time spent in this place.
 C = Inter-level travel time spent in this place.
 D = Time resting spent in this place.
 E = Time spent auto-exploring this place.
 F = Levels seen in this place.
 G = Mean time per level.
                   A        B        C        D        E       F      G
               +--------+--------+--------+--------+--------+-----+--------+
         Total |  48815 |  45511 |   3304 |   1002 |  33765 |  39 | 1251.7 |
       Dungeon |  20114 |  18668 |   1446 |    522 |  13549 |  15 | 1340.9 |
        Temple |    360 |    305 |     55 |      0 |    304 |   1 |  360.0 |
          Lair |   7759 |   7107 |    652 |      0 |   5816 |   6 | 1293.2 |
        Shoals |   4433 |   4021 |    412 |    130 |   2836 |   4 | 1108.2 |
   Spider Nest |   5521 |   5247 |    274 |    271 |   3815 |   4 | 1380.2 |
  Orcish Mines |   1996 |   1893 |    103 |      0 |   1387 |   2 |  998.0 |
        Vaults |   7396 |   7037 |    359 |     79 |   5052 |   5 | 1479.2 |
        Bazaar |    431 |    431 |      0 |      0 |    398 |   1 |  431.0 |
      Ice Cave |    802 |    802 |      0 |      0 |    605 |   1 |  802.0 |
               +--------+--------+--------+--------+--------+-----+--------+

Top non-repeatable levels by time:
     D:7: 2483 daAuts
Vaults:4: 2439 daAuts
    D:11: 2232 daAuts
    D:10: 2152 daAuts
  Lair:3: 1906 daAuts
Spider:4: 1812 daAuts
Spider:3: 1802 daAuts
Vaults:1: 1698 daAuts
Vaults:3: 1626 daAuts
Vaults:2: 1565 daAuts
     D:3: 1532 daAuts
Spider:2: 1454 daAuts
  Lair:6: 1423 daAuts
  Lair:2: 1420 daAuts
    D:13: 1388 daAuts
